[Event "Titled Tuesday Blitz January 17 Late 2023"]
[White "Lymar, Vladislav"]
[Black "Papayan, Oleg"]
[WhiteFideId "14162180"]
[BlackFideId "4193911"]
[WhiteElo "2119"]
[BlackElo "2253"]
[Result "0-1"]
[Round "06"]
[TimeControl "180+2"]
[Date "2023.01.17"]
[WhiteClock "0:00:17"]
[BlackClock "0:00:21"]

1. e4 d5 2. exd5 Qxd5 3. Nc3 Qd8 4. d4 c6 5. Nf3 Bf5 6. Bc4 e6 7. a4 a5 8. O-O Nd7 9. Qe2 Be7 10. Ne5 Ngf6 11. h3 Nxe5 12. dxe5 Nd5 13. Ne4 O-O 14. Rd1 Bxe4 15. Qxe4 Nc3 16. Rxd8 Nxe4 17. Rd7 Bc5 18. Be3 Bxe3 19. fxe3 Nc5 20. Rd6 Rfd8 21. Rd4 Kf8 22. c3 Ke7 23. Kf2 Nd7 24. Re4 Nc5 25. Rd4 Rd7 26. Kf3 b6 27. b3 Rb7 28. Rd6 b5 29. Rxc6 bxc4 30. Rxc5 cxb3 31. Rb5 Rxb5 32. axb5 a4 33. b6 b2 34. Rxa4 Rxa4 35. b7 b1=Q 0-1


[Site "https://www.chess.com"]

[Event "Titled Tuesday Blitz January 17 Late 2023"]
[White "Andreev, Eduard"]
[Black "Sanchez, Robert"]
[WhiteFideId "14103400"]
[BlackFideId "2034360"]
[WhiteElo "2413"]
[BlackElo "1966"]
[Result "1/2-1/2"]
[Round "06"]
[TimeControl "180+2"]
[Date "2023.01.17"]
[WhiteClock "0:00:15"]
[BlackClock "0:00:13"]

1. e4 e6 2. d3 c5 3. Nd2 Nc6 4. Ngf3 g6 5. g3 Bg7 6. Bg2 Nge7 7. O-O O-O 8. Re1 d6 9. a4 e5 10. Nc4 h6 11. Be3 f5 12. Qc1 Kh7 13. h4 Be6 14. h5 f4 15. gxf4 exf4 16. Bxf4 Bxc4 17. dxc4 g5 18. Bxg5 hxg5 19. Nxg5+ Kh8 20. Ne6 Qe8 21. Nxf8 Qxf8 22. c3 Ne5 23. Qg5 Bh6 24. Qg3 Qf6 25. Kf1 Rg8 26. Qh3 Rf8 27. Re2 Nxc4 28. Rd1 Ne3+ 29. Ke1 Nxd1 30. Kxd1 Nc6 31. Qd7 Ne5 32. Qxb7 Qg5 33. f4 Qxf4 34. Kc2 Qc1+ 35. Kb3 Qd1+ 36. Rc2 c4+ 37. Ka3 Qxc2 38. Bh3 Qb3+ 39. Qxb3 cxb3 40. Kxb3 Rb8+ 41. Kc2 Nc4 42. b3 Ne5 43. Bf5 Kg7 44. b4 Kf6 45. Kb3 d5 46. a5 a6 47. Kc2 Rg8 48. Bh7 Rg2+ 49. Kb3 dxe4 50. Bxe4 Rg7 51. Bd5 Rc7 52. c4 Ke7 53. b5 Kd6 54. b6 Rc8 55. Bb7 Rb8 56. Bxa6 Kc5 57. Bb5 Nc6 58. Ka4 Ra8 59. b7 Rxa5+ 60. Kb3 Rxb5+ 61. cxb5 Kxb5 62. b8=Q+ Nxb8 63. Kc2 Kc5 64. Kd3 Kd5 65. Ke2 Ke5 66. Kf3 Kf5 67. Kg3 Kg5 68. Kf3 Kxh5 69. Ke4 Kg5 70. Kd5 Nd7 71. Kd6 Nf6 72. Ke6 Kg6 73. Kd6 Bf8+ 74. Ke6 Kg7 75. Ke5 Kf7 76. Kf5 Be7 77. Ke5 Nd7+ 78. Kd5 Kf6 79. Ke4 Ke6 80. Kd4 Bd6 81. Ke4 Nf6+ 82. Kd4 Be5+ 83. Kc4 Kd6 84. Kd3 Kd5 85. Ke3 Bb2 86. Kf4 Ke6 87. Ke3 Kf5 88. Kd3 Be5 89. Ke3 Ng4+ 90. Kf3 Bf4 91. Kg2 Ke4 92. Kh3 Kf3 93. Kh4 Bc1 94. Kh5 Kf4 95. Kg6 Ke4 96. Kf7 Ne5+ 97. Ke6 Nc4 98. Kd7 Nd2 99. Kc6 Kd3 100. Kb5 Kc2 101. Kc5 Kb2 102. Kd5 Kb1 103. Ke5 Bb2+ 104. Kd5 Kc1 105. Kc5 Kd1 106. Kd5 Bc1 107. Kc5 Nb1 108. Kd5 Kd2 109. Kc5 Kd1 110. Kd5 Kd2 111. Kc5 Kd1 1/2-1/2


[Site "https://www.chess.com"]

[Event "Titled Tuesday Blitz January 17 Late 2023"]
[White "Vega Gutierrez, Sabrina"]
[Black "Prado Lobo, Jonas"]
[WhiteFideId "2219026"]
[BlackFideId "32050666"]
[WhiteElo "2377"]
[BlackElo "2313"]
[Result "1-0"]
[Round "06"]
[TimeControl "180+2"]
[Date "2023.01.17"]
[WhiteClock "0:01:37"]
[BlackClock "0:01:10"]

1. e4 e5 2. Nf3 Nc6 3. Nc3 Nf6 4. g3 Bb4 5. Bg2 O-O 6. O-O Bxc3 7. dxc3 Nxe4 8. Nxe5 Nxc3 9. Nxc6 Nxd1 10. Nxd8 Nxf2 11. Nxb7 Ng4 12. Nd6 Rb8 13. Nxc8 Rfxc8 14. b3 Re8 15. Bf4 d6 16. Rae1 f6 17. Bc6 Rxe1 18. Rxe1 Ne5 19. Bxe5 fxe5 20. Rf1 h6 21. Bd5+ Kh7 22. Rf7 Rb4 23. c4 a5 24. Be4+ Kg8 25. Rxc7 a4 26. Bg6 Kf8 27. Rf7+ 1-0


[Site "https://www.chess.com"]

[Event "Titled Tuesday Blitz January 17 Late 2023"]
[White "Haszon, David"]
[Black "Rosen, Eric"]
[WhiteFideId "733610"]
[BlackFideId "2032562"]
[WhiteElo "2264"]
[BlackElo "2349"]
[Result "1/2-1/2"]
[Round "06"]
[TimeControl "180+2"]
[Date "2023.01.17"]
[WhiteClock "0:00:07"]
[BlackClock "0:00:04"]

1. d4 d5 2. Bf4 c5 3. e3 Nc6 4. Nd2 cxd4 5. exd4 Nxd4 6. Ngf3 Nxf3+ 7. Nxf3 Nf6 8. Ne5 e6 9. Bd3 Be7 10. O-O O-O 11. Qf3 Nd7 12. Qh3 g6 13. Rae1 Nxe5 14. Bxe5 Bf6 15. f4 Bd7 16. b3 Rc8 17. Qh6 Bxe5 18. fxe5 f5 19. exf6 Rxf6 20. Rxf6 Qxf6 21. Rf1 Qd4+ 22. Kh1 Qg7 23. Qe3 b6 24. a4 Rf8 25. Re1 Qc3 26. h3 Rf6 27. Rd1 Qc5 28. Qg3 Qf8 29. Re1 Kg7 30. Qc7 Rf7 31. Qxa7 Qd6 32. a5 bxa5 33. Qxa5 e5 34. Qc3 d4 35. Qd2 Bc6 36. Qe2 Re7 37. Be4 Bxe4 38. Qxe4 Qf6 39. Kg1 Qd6 40. Rf1 h6 41. Qf3 Rd7 42. Qe4 Qe6 43. Re1 Re7 44. b4 Qb6 45. Kh1 Qxb4 46. Rf1 Qd6 47. Qf3 Rd7 48. Qe4 Qe6 49. Re1 Re7 50. Rf1 Qd6 51. Qf3 Rd7 52. Qe4 Qd5 53. Qh4 Rf7 54. Re1 Rf6 55. Qg3 Re6 56. Qa3 Qd7 57. Qd3 Qe7 58. Qe4 g5 59. Rf1 Rf6 60. Re1 Rf4 61. Qd5 Qf6 62. Qxe5 Rf1+ 63. Kh2 Qxe5+ 64. Rxe5 Rf2 65. Rd5 Rxc2 66. Rxd4 Kg6 67. Rd6+ Kg7 68. Rd4 Rc6 69. Re4 Kf6 70. Rd4 Ke5 71. Ra4 Kf5 72. Kg3 Re6 73. Ra5+ Kg6 74. Kh2 h5 75. Ra4 Kf5 76. Ra5+ Re5 77. Ra4 Re4 78. Ra5+ Kf4 79. Ra8 Re5 80. Rf8+ Rf5 81. Ra8 g4 82. Ra4+ Kg5 83. hxg4 hxg4 84. Kg3 Rd5 85. Rxg4+ Kh5 86. Rf4 Kg5 87. Rf3 Rd4 88. Ra3 Rd5 89. Kh3 Rc5 90. Ra8 Rb5 91. Rg8+ Kh5 92. g4+ Kh6 93. Kh4 Rb1 94. Rd8 Rh1+ 95. Kg3 Rg1+ 96. Kf3 Rf1+ 97. Kg3 Rg1+ 98. Kf3 Rf1+ 99. Kg3 Rg1+ 1/2-1/2


[Site "https://www.chess.com"]

[Event "Titled Tuesday Blitz January 17 Late 2023"]
[White "Rego, Pedro Filipe"]
[Black "Czernek, Tymon"]
[WhiteFideId "1904310"]
[BlackFideId "1199510"]
[WhiteElo "2312"]
[BlackElo "2314"]
[Result "0-1"]
[Round "06"]
[TimeControl "180+2"]
[Date "2023.01.17"]
[WhiteClock "0:00:13"]
[BlackClock "0:00:18"]

1. c4 e5 2. Nc3 Nf6 3. e4 Bc5 4. Be2 Nc6 5. Nf3 O-O 6. O-O d6 7. h3 Nd4 8. d3 Nxe2+ 9. Qxe2 h6 10. Be3 Bb6 11. Bxb6 axb6 12. d4 Qe7 13. dxe5 dxe5 14. Nd5 Nxd5 15. cxd5 Bd7 16. Rfc1 c5 17. Nd2 b5 18. a3 b6 19. Re1 Ra4 20. Rad1 Qd6 21. Qe3 Rfa8 22. Nb1 b4 23. b3 Rxa3 24. Nxa3 bxa3 25. Ra1 Ra5 26. Qc1 Qg6 27. Kh1 Qf6 28. Ra2 Kh7 29. Re3 Qf4 30. Kg1 Qg5 31. Rxa3 Bxh3 32. g3 Rxa3 33. Qxa3 Qg4 34. Qa1 Qg5 35. Qe1 Bg4 36. Rc3 Qh5 37. Qf1 Bf3 38. Rxf3 Qxf3 39. Qg2 Qd1+ 40. Qf1 Qxf1+ 41. Kxf1 Kg8 42. Ke2 Kf8 43. Kd3 Ke7 44. Kc4 Kd6 45. Kb5 Kc7 46. d6+ Kxd6 47. Kxb6 g5 48. Kb5 h5 49. Kc4 h4 50. gxh4 gxh4 51. Kd3 h3 52. f4 h2 53. fxe5+ Kxe5 54. b4 h1=Q 55. bxc5 Qxe4+ 56. Kc3 Qd5 57. c6 Qxc6+ 58. Kd3 Qe4+ 59. Kd2 f5 60. Kc3 f4 0-1


[Site "https://www.chess.com"]

[Event "Titled Tuesday Blitz January 17 Late 2023"]
[White "Olafsson, Helgi"]
[Black "Sivakumar, Shaaketh"]
[WhiteFideId "2300010"]
[BlackFideId "30940176"]
[WhiteElo "2491"]
[BlackElo "2337"]
[Result "0-1"]
[Round "06"]
[TimeControl "180+2"]
[Date "2023.01.17"]
[WhiteClock "0:00:01"]
[BlackClock "0:01:23"]

1. Nf3 Nf6 2. c4 b6 3. d4 Bb7 4. a3 g6 5. Nc3 Ne4 6. Nxe4 Bxe4 7. Bf4 Bg7 8. Nd2 Bb7 9. e3 d6 10. Bg3 Nd7 11. f3 e5 12. d5 O-O 13. Be2 f5 14. O-O h5 15. Bf2 g5 16. e4 f4 17. b4 Nf6 18. c5 Bc8 19. Rc1 g4 20. Bh4 Qe8 21. cxd6 cxd6 22. Rc6 Qd7 23. Nc4 Ne8 24. g3 fxg3 25. hxg3 Bb7 26. b5 gxf3 27. Rxf3 Rxf3 28. Bxf3 Bxc6 29. dxc6 Qe6 30. Ne3 Nc7 31. Be2 Kh8 32. Bc4 Qg6 33. Nf5 d5 34. Ne7 Qxe4 35. Qxh5+ Qh7 36. Ng6+ Kg8 37. Ne7+ Kh8 38. Qxh7+ Kxh7 39. Nxd5 Nxd5 40. Bxd5 Bf8 41. Be6 Bd6 42. Kf2 a6 43. a4 axb5 44. axb5 Ra5 45. Bd8 Rxb5 46. c7 Bxc7 47. Bxc7 Kh6 48. g4 Kg5 49. Bd8+ Kf4 50. g5 Rb2+ 51. Kf1 Kf3 52. Ke1 Ke3 53. Kf1 Kf3 54. Kg1 e4 55. g6 Rg2+ 56. Kf1 Rxg6 57. Bc4 e3 0-1


[Site "https://www.chess.com"]

[Event "Titled Tuesday Blitz January 17 Late 2023"]
[White "Sebag, Marie"]
[Black "Vasques, Antonio Pedro Freixial"]
[WhiteFideId "617822"]
[BlackFideId "1908332"]
[WhiteElo "2430"]
[BlackElo "2214"]
[Result "1-0"]
[Round "06"]
[TimeControl "180+2"]
[Date "2023.01.17"]
[WhiteClock "0:00:15"]
[BlackClock "0:00:10"]

1. e4 c5 2. Nf3 Nc6 3. c3 Nf6 4. e5 Nd5 5. d4 cxd4 6. cxd4 d6 7. Bc4 dxe5 8. dxe5 Ndb4 9. Qxd8+ Nxd8 10. Na3 a6 11. O-O Bg4 12. Nd4 e6 13. h3 Bh5 14. Be3 Ndc6 15. Nxc6 Nxc6 16. f4 Bg6 17. g4 b5 18. Be2 Bxa3 19. bxa3 Be4 20. Rad1 O-O 21. Rd6 Rfd8 22. Rfd1 Bd5 23. R1xd5 exd5 24. Rxc6 d4 25. Bd2 d3 26. Bf1 Rac8 27. Rd6 Rxd6 28. exd6 Rd8 29. Bb4 a5 30. Bc5 d2 31. Be2 Rc8 32. d7 Rd8 33. Kf2 Rxd7 34. Bd1 Rd3 35. Ke2 Rc3 36. Bd6 f6 37. f5 Rxh3 38. Bb3+ Kh8 39. Kxd2 a4 40. Bd1 g6 41. Be2 gxf5 42. gxf5 Rh5 43. Bd3 Rg5 44. Kc3 Rg2 45. Bxb5 Rxa2 46. Bxa4 h5 47. Bb3 Ra1 48. a4 h4 49. Kb2 Rf1 50. a5 Rxf5 51. a6 Ra5 52. Bc4 h3 53. Kb3 Kg7 54. Kb4 Ra1 55. Kb5 f5 56. Kb6 Rd1 57. Be5+ Kg6 58. a7 Rd8 59. Bb8 f4 60. a8=Q 1-0


[Site "https://www.chess.com"]

[Event "Titled Tuesday Blitz January 17 Late 2023"]
[White "Hirneise, Jens"]
[Black "Vaglio Munoz, Jaime"]
[WhiteFideId "24614734"]
[BlackFideId "6500145"]
[WhiteElo "2277"]
[BlackElo "2174"]
[Result "0-1"]
[Round "06"]
[TimeControl "180+2"]
[Date "2023.01.17"]
[WhiteClock "0:00:17"]
[BlackClock "0:00:28"]

1. g3 c6 2. c4 b5 3. cxb5 cxb5 4. Bg2 Nc6 5. Nf3 Bb7 6. d4 e6 7. O-O Nf6 8. a4 b4 9. Nbd2 d5 10. Nb3 Be7 11. Bf4 O-O 12. Rc1 Rc8 13. Nc5 Qb6 14. Nxb7 Qxb7 15. Ne5 Na5 16. Nd3 b3 17. Bd2 Nc4 18. Bc3 Qa6 19. Ra1 Rb8 20. Re1 Rfc8 21. e4 dxe4 22. Bxe4 Nxe4 23. Rxe4 Rd8 24. Qe2 Nd6 25. Rg4 Bf6 26. Re1 Nf5 27. Ne5 Qxe2 28. Rxe2 h5 29. Rf4 Ne7 30. Rfe4 Bxe5 31. Rxe5 Nd5 32. Ba5 Rdc8 33. Rxh5 Rc2 34. Rhe5 Rbc8 35. Kf1 R8c4 36. Be1 Rxd4 37. R2e4 Rxe4 38. Rxe4 Rxb2 39. Rc4 Rb1 40. Rc8+ Kh7 41. Rb8 b2 42. Ke2 a6 43. a5 Kg6 44. h3 Kf5 45. Bd2 Ke4 46. h4 g6 47. Rb3 Kd4 48. g4 Kc4 49. Rb8 Nc3+ 50. Bxc3 Kxc3 51. Rc8+ Kb3 52. Rb8+ Ka2 53. h5 gxh5 54. gxh5 Rh1 0-1


[Site "https://www.chess.com"]

[Event "Titled Tuesday Blitz January 17 Late 2023"]
[White "Medeiros,Thauane Ferreira"]
[Black "Yurovskykh, Oleksandr"]
[WhiteFideId "2134470"]
[BlackFideId "14134020"]
[WhiteElo "1854"]
[BlackElo "2328"]
[Result "0-1"]
[Round "06"]
[TimeControl "180+2"]
[Date "2023.01.17"]
[WhiteClock "0:00:02"]
[BlackClock "0:00:10"]

1. d4 g6 2. Bf4 Bg7 3. e3 d6 4. Nf3 Nd7 5. h3 e5 6. Bh2 Qe7 7. c3 Ngf6 8. Bc4 O-O 9. O-O Re8 10. Nbd2 e4 11. Ne1 h5 12. a4 Nf8 13. a5 a6 14. Qb3 g5 15. Nc2 Ng6 16. Nb4 c6 17. Bxd6 Qxd6 18. Bxf7+ Kh7 19. Bxe8 Nxe8 20. Nxe4 Qe7 21. Nc5 Nd6 22. Rae1 g4 23. hxg4 hxg4 24. e4 Nb5 25. e5 Bf5 26. g3 Nf8 27. Kg2 Kg6 28. Rh1 Nh7 29. Nc2 Ng5 30. Ne3 Rf8 31. Nxf5 Rxf5 32. Qc2 Qd8 33. Rh4 Qd5+ 34. Kg1 Nf3+ 35. Kf1 Nxh4 36. gxh4 Qh1+ 37. Ke2 Qf3+ 38. Kf1 g3 39. h5+ Kxh5 40. Re3 Qh1+ 41. Ke2 Rxf2+ 42. Kd3 Rxc2 43. Kxc2 g2 44. Ne6 g1=Q 45. Nxg7+ Kg6 46. Ne6 Qd1# 0-1


[Site "https://www.chess.com"]

[Event "Titled Tuesday Blitz January 17 Late 2023"]
[White "Vakhlamov, Igor L."]
[Black "Wang, Alexander J"]
[WhiteFideId "24126748"]
[BlackFideId "30955270"]
[WhiteElo "2413"]
[BlackElo "1815"]
[Result "1-0"]
[Round "06"]
[TimeControl "180+2"]
[Date "2023.01.17"]
[WhiteClock "0:02:17"]
[BlackClock "0:01:40"]

1. e4 c5 2. Nf3 e6 3. Nc3 Nc6 4. Bb5 d6 5. d4 cxd4 6. Qxd4 Bd7 7. Bxc6 Bxc6 8. Bg5 Be7 9. Qxg7 Bf6 10. Qxh8 Bxh8 11. Bxd8 Rxd8 12. O-O-O Bxc3 13. bxc3 Bxe4 14. Rhe1 Bc6 15. Nd4 Bd5 16. Nb5 Kf8 17. c4 Bxg2 18. Rxd6 Rc8 19. Rd7 Nf6 20. Rxf7+ Kxf7 21. Nd6+ Ke7 22. Nxc8+ Kd7 23. Nxa7 Ne4 24. Nb5 Bh3 25. Rxe4 1-0


[Site "https://www.chess.com"]

[Event "Titled Tuesday Blitz January 17 Late 2023"]
[White "Gasparyan, David"]
[Black "Cardoso Cardoso, Jose Gabriel"]
[WhiteFideId "13311980"]
[BlackFideId "4430492"]
[WhiteElo "2142"]
[BlackElo "2492"]
[Result "1-0"]
[Round "06"]
[TimeControl "180+2"]
[Date "2023.01.17"]
[WhiteClock "0:00:14"]
[BlackClock "0:00:01"]

1. e4 e6 2. d3 d5 3. Nd2 c5 4. g3 Nc6 5. Bg2 dxe4 6. dxe4 b6 7. Ngf3 Ba6 8. c4 Qc7 9. O-O Nge7 10. Re1 Ng6 11. b3 Rd8 12. Bb2 e5 13. Qe2 Be7 14. h4 Nd4 15. Bxd4 exd4 16. e5 Nf8 17. Ne4 Ne6 18. Qd3 h6 19. Rac1 O-O 20. Red1 Bb7 21. Rc2 Bc6 22. Re2 a6 23. Bh3 b5 24. Nfd2 Qxe5 25. Ng5 Nxg5 26. Rxe5 Nxh3+ 27. Kf1 Bd6 28. Rf5 Bd7 29. Rd5 Be6 30. Kg2 bxc4 31. bxc4 g5 32. hxg5 Nxg5 33. Ne4 Bxd5 34. cxd5 Kg7 35. Nxg5 hxg5 36. Qf5 Be7 37. Re1 Bf6 38. Rh1 Rh8 39. Rxh8 Rxh8 40. d6 Rd8 41. Qxc5 Rd7 42. Qc6 Rd8 43. d7 Be5 44. Kf3 Bf6 45. Ke4 a5 46. Kf5 Be7 47. f4 gxf4 48. gxf4 Rh8 49. Ke4 Bf6 50. Qb6 Rd8 51. Qc6 Rh8 52. Kd3 Rd8 53. a4 Rh8 54. Kc4 Rd8 55. Kb5 d3 56. Qd5 Rb8+ 57. Kxa5 Bc3+ 58. Ka6 Bf6 59. Qxd3 Rb4 60. Ka5 Rxf4 61. d8=Q Bxd8+ 62. Qxd8 Rf5+ 63. Kb6 Kg6 64. a5 Rf1 65. Qd3+ Rf5 66. a6 1-0


[Site "https://www.chess.com"]

[Event "Titled Tuesday Blitz January 17 Late 2023"]
[White "Averjanov, Alexey"]
[Black "Perez Perez, Gabriel"]
[WhiteFideId "14109867"]
[BlackFideId "32089147"]
[WhiteElo "2399"]
[BlackElo "2185"]
[Result "1/2-1/2"]
[Round "06"]
[TimeControl "180+2"]
[Date "2023.01.17"]
[WhiteClock "0:02:57"]
[BlackClock "0:02:15"]

1. d4 d6 2. c4 Nf6 3. Nc3 e5 4. Nf3 Nbd7 5. e4 exd4 6. Nxd4 g6 7. Be3 Bg7 8. f3 O-O 9. Qd2 Re8 10. Be2 a6 11. O-O Ne5 12. Rac1 Bd7 13. Rfd1 h5 14. b3 1/2-1/2


[Site "https://www.chess.com"]

[Event "Titled Tuesday Blitz January 17 Late 2023"]
[White "Santos Flores, Alberto"]
[Black "Yedidia, Daniel"]
[WhiteFideId "3601234"]
[BlackFideId "30905907"]
[WhiteElo "2164"]
[BlackElo "2041"]
[Result "0-1"]
[Round "06"]
[TimeControl "180+2"]
[Date "2023.01.17"]
[WhiteClock "0:00:56"]
[BlackClock "0:00:33"]

1. e4 e5 2. Nf3 Nc6 3. Bc4 Nf6 4. d3 Be7 5. O-O O-O 6. Re1 d6 7. c3 Na5 8. Bb5 a6 9. Ba4 b5 10. Bc2 c5 11. d4 cxd4 12. cxd4 Nc6 13. h3 Bb7 14. Nc3 Rc8 15. a3 Qc7 16. Bg5 Nxd4 17. Nxd4 exd4 18. Qxd4 Qc5 19. Be3 Nd7 20. Rad1 Ne5 21. Bb3 Rfd8 22. f4 Nc4 23. Qxc5 dxc5 24. Bxc4 bxc4 25. Kf2 Rd3 26. Na4 Bxe4 27. Rxd3 cxd3 28. Bxc5 d2 29. Rd1 Bxc5+ 30. Nxc5 Rxc5 31. Rxd2 Rc2 32. Rxc2 Bxc2 33. Ke3 Kf8 34. Kd4 Ke7 35. Kc5 Be4 36. g3 Kd7 37. Kb6 Bd3 38. a4 h5 39. b4 f6 40. b5 axb5 41. axb5 g5 42. fxg5 fxg5 43. h4 g4 44. Kc5 Ke6 45. b6 Be4 46. Kd4 Kf5 47. Kc5 Bb7 48. Kd6 Ke4 49. Ke6 Kf3 50. Kf5 Kxg3 51. Kg5 Kf3 52. Kxh5 g3 0-1


[Site "https://www.chess.com"]

[Event "Titled Tuesday Blitz January 17 Late 2023"]
[White "Saya, Ethan"]
[Black "Aggelis, Nikolaos"]
[WhiteFideId "26095181"]
[BlackFideId "4213220"]
[WhiteElo "2181"]
[BlackElo "2270"]
[Result "1-0"]
[Round "06"]
[TimeControl "180+2"]
[Date "2023.01.17"]
[WhiteClock "0:01:14"]
[BlackClock "0:00:22"]

1. e4 a6 2. d4 b5 3. Nf3 Bb7 4. Bd3 Nf6 5. e5 Nd5 6. O-O e6 7. Be4 c5 8. Nbd2 cxd4 9. Nxd4 Be7 10. c3 O-O 11. Qh5 g6 12. Qh3 Nc6 13. Nxc6 Bxc6 14. Nf3 d6 15. exd6 Qxd6 16. Bh6 Rfd8 17. Rad1 Qc7 18. Bg5 Rac8 19. Bxe7 Qxe7 20. Ne5 Bb7 21. Qf3 f6 22. Nd3 f5 23. Bxd5 Bxd5 24. Qe3 Bxa2 25. Nb4 Bc4 26. Rfe1 a5 27. Rxd8+ Qxd8 28. Nc2 Qd5 29. Nd4 Re8 30. f4 Kf7 31. Nf3 Kf6 32. Ne5 b4 33. Qg3 h6 34. Qxg6+ Ke7 35. Qf7+ Kd6 36. Qxe8 bxc3 37. Qd7+ Kc5 38. Qxd5+ exd5 39. Nxc4 Kxc4 40. bxc3 Kxc3 41. Re5 d4 42. Rxa5 d3 43. Rxf5 d2 44. Rd5 Kc2 45. Rxd2+ Kxd2 46. Kf2 Kd3 47. Kf3 Kd4 48. g3 Kd5 49. Kg4 1-0


[Site "https://www.chess.com"]

[Event "Titled Tuesday Blitz January 17 Late 2023"]
[White "Kavutskiy, Konstantin"]
[Black "Danielyan, Vahe"]
[WhiteFideId "2026384"]
[BlackFideId "13304828"]
[WhiteElo "2414"]
[BlackElo "2346"]
[Result "1-0"]
[Round "06"]
[TimeControl "180+2"]
[Date "2023.01.17"]
[WhiteClock "0:00:05"]
[BlackClock "0:00:02"]

1. d4 Nf6 2. Bg5 Ne4 3. Bf4 Nc6 4. f3 e5 5. dxe5 g5 6. Be3 Nc5 7. Nh3 Ne6 8. Nc3 Bg7 9. Bf2 Nxe5 10. e4 d6 11. Qd2 g4 12. Ng1 gxf3 13. Nxf3 O-O 14. O-O-O Ng4 15. Bh4 Qe8 16. Kb1 f5 17. exf5 Rxf5 18. Bc4 Kh8 19. Rhe1 Qg6 20. h3 Ne5 21. Nxe5 Bxe5 22. Bd3 Nf4 23. Bxf5 Bxf5 24. g4 Be6 25. Bg3 Rf8 26. Ne2 Ng2 27. Bxe5+ dxe5 28. Rg1 Nh4 29. Qc3 Qg7 30. Rgf1 Re8 31. Ng3 Ng6 32. Nf5 Bxf5 33. gxf5 Nf4 34. Rde1 Nd5 35. Qb3 c6 36. a3 Qf6 37. Qxb7 e4 38. Qxa7 e3 39. Qd7 Rb8 40. b3 Nc3+ 41. Kc1 Na2+ 42. Kb1 Nc3+ 43. Kc1 e2 44. Rg1 Qh6+ 45. Kb2 Qf6 46. Qe6 Na4+ 47. Kc1 Qb2+ 48. Kd2 Rd8+ 49. Kxe2 Qxc2+ 50. Kf1 Qd3+ 51. Re2 Qf3+ 52. Ke1 Qc3+ 53. Kf2 Qd4+ 54. Qe3 Qh4+ 55. Qg3 Qd4+ 56. Kf1 Nc3 57. Rd2 Ne4 58. Rxd4 Nxg3+ 59. Rxg3 Rxd4 60. Rf3 Kg7 61. a4 Kf6 62. Ke2 c5 63. Kf2 c4 64. bxc4 Rxc4 65. Ra3 Rc6 66. a5 Ra6 67. Ke3 Kxf5 68. Kd4 h5 69. Kc5 h4 70. Kb5 Rg6 71. a6 Rg3 72. Ra2 Rb3+ 73. Kc6 Rc3+ 74. Kd7 Rd3+ 75. Ke8 Re3+ 76. Kf8 Rc3 77. a7 Rc8+ 78. Ke7 Ra8 79. Kd7 Kf4 80. Kc7 Kg3 81. Ra3+ Kg2 82. Kb7 Rg8 83. a8=Q Rxa8 84. Kxa8 1-0


[Site "https://www.chess.com"]

[Event "Titled Tuesday Blitz January 17 Late 2023"]
[White "Radovanovic, Dusan"]
[Black "Korchmar, Vasiliy"]
[WhiteFideId "926868"]
[BlackFideId "24131750"]
[WhiteElo "2311"]
[BlackElo "2438"]
[Result "1-0"]
[Round "06"]
[TimeControl "180+2"]
[Date "2023.01.17"]
[WhiteClock "0:00:25"]
[BlackClock "0:01:21"]

1. e4 e6 2. d4 d5 3. Nc3 Bb4 4. e5 c5 5. a3 Bxc3+ 6. bxc3 Qc7 7. h4 cxd4 8. cxd4 Qc3+ 9. Bd2 Qxd4 10. Nf3 Qb6 11. h5 Nc6 12. Bd3 Qc7 13. Qe2 Bd7 14. Rb1 Nh6 15. Rh4 O-O-O 16. Ba6 Na5 17. Rhb4 Bc6 18. Nd4 bxa6 19. Qxa6+ Bb7 20. Qxa7 Nc6 21. Nxc6 Bxc6 22. Qa6+ Kd7 23. Rb7 Bxb7 24. Rxb7 Rc8 25. Qd6+ Ke8 26. Rxc7 Rxc7 27. Qxc7 Nf5 28. Qc8+ Ke7 29. Bb4+ Nd6 30. Bxd6# 1-0


[Site "https://www.chess.com"]

[Event "Titled Tuesday Blitz January 17 Late 2023"]
[White "Mosquera, Miguel"]
[Black "Nefedov, Sergey"]
[WhiteFideId "4401131"]
[BlackFideId "24113417"]
[WhiteElo "2371"]
[BlackElo "2300"]
[Result "0-1"]
[Round "06"]
[TimeControl "180+2"]
[Date "2023.01.17"]
[WhiteClock "0:00:03"]
[BlackClock "0:00:09"]

1. d4 d5 2. c4 e6 3. g3 g6 4. Bg2 Bg7 5. Nf3 Ne7 6. O-O O-O 7. Re1 Nbc6 8. Bf4 dxc4 9. Qc2 Nxd4 10. Nxd4 Qxd4 11. Nc3 Qb6 12. Be3 Qa5 13. Red1 Nf5 14. Bf4 e5 15. Rd5 Qb6 16. Bxe5 Be6 17. Bxg7 Kxg7 18. Rdd1 Rad8 19. e3 Nd6 20. Rac1 Bf5 21. e4 Bg4 22. Nd5 Qa5 23. Re1 c6 24. Ne3 Be6 25. e5 Qxe5 26. Nxc4 Qf6 27. Ne3 h5 28. Rcd1 Nf5 29. Nxf5+ Bxf5 30. Qc3 Qxc3 31. bxc3 Bg4 32. f3 Be6 33. Rb1 b6 34. f4 Bxa2 35. Ra1 Rd2 36. Bxc6 Rc8 37. Bb5 Rxc3 38. Re2 Rxe2 39. Bxe2 Rc2 40. Bf3 b5 41. Be4 Rd2 42. Bg2 b4 43. h3 b3 44. Rf1 b2 45. Be4 Re2 46. Bd3 Re3 47. Bb1 Bxb1 48. Rxb1 Rxg3+ 49. Kf2 Rb3 50. h4 a5 51. Ke2 a4 52. Kd2 a3 53. Kc2 Rb4 54. Kc3 a2 55. Re1 b1=Q 56. Rxb1 axb1=Q 57. f5 Qb2+ 58. Kd3 Qa3+ 59. Kc2 Rb2+ 60. Kc1 Qa1# 0-1


[Site "https://www.chess.com"]

[Event "Titled Tuesday Blitz January 17 Late 2023"]
[White "Omelja, Artem"]
[Black "Andrews, Todd"]
[WhiteFideId "14119846"]
[BlackFideId "2012456"]
[WhiteElo "2446"]
[BlackElo "2220"]
[Result "0-1"]
[Round "06"]
[TimeControl "180+2"]
[Date "2023.01.17"]
[WhiteClock "0:01:11"]
[BlackClock "0:00:30"]

1. e4 e6 2. d3 d5 3. Nd2 Nf6 4. Ngf3 Nc6 5. c3 Be7 6. e5 Nd7 7. d4 f6 8. exf6 Bxf6 9. Bd3 e5 10. dxe5 Ndxe5 11. Nxe5 Nxe5 12. Bc2 Bg4 13. f3 Bd7 14. O-O O-O 15. Re1 c6 16. Nf1 Qb6+ 17. Be3 Qxb2 18. Bd4 b6 19. Bxe5 Bxe5 20. Rxe5 Qxc3 21. Re7 Qc5+ 22. Re3 Rae8 23. Qd3 Bf5 24. Qc3 Bxc2 25. Qxc5 bxc5 26. Rc3 Bg6 27. Rxc5 Re6 28. Rac1 Be8 29. Kf2 Rf4 30. R1c2 Ra4 31. Ne3 Ra3 32. Nf5 Rd3 33. g4 g6 34. Ng3 Rf6 35. Kg2 Rfxf3 36. Ra5 Ra3 37. Rcc5 Bd7 38. Ne2 Bxg4 39. Nd4 Bh3+ 0-1


[Site "https://www.chess.com"]

[Event "Titled Tuesday Blitz January 17 Late 2023"]
[White "Adewumi, Tanitoluwa"]
[Black "reevecanada"]
[WhiteFideId "30966396"]
[WhiteElo "2283"]
[BlackElo "2474"]
[Result "1-0"]
[Round "06"]
[TimeControl "180+2"]
[Date "2023.01.17"]
[WhiteClock "0:00:10"]
[BlackClock "0:00:22"]

1. e4 c5 2. Nf3 d6 3. Bb5+ Bd7 4. Bxd7+ Qxd7 5. c4 e5 6. Nc3 Nc6 7. d3 Nge7 8. O-O g6 9. Nd5 Bg7 10. Bh6 O-O 11. Qd2 Nxd5 12. Bxg7 Nf4 13. Bxf8 Qg4 14. Ne1 Nd4 15. Kh1 Rxf8 16. f3 Qh5 17. g3 Nfe2 18. Kg2 f5 19. Rf2 Nf4+ 20. gxf4 Ne6 21. fxe5 dxe5 22. Kh1 Nf4 23. Ng2 Nh3 24. Rff1 f4 25. b4 g5 26. Ne1 Rf6 27. Qg2 Rg6 28. bxc5 g4 29. fxg4 Rxg4 30. Qe2 Kh8 31. Nf3 Rg6 32. Rg1 Nxg1 33. Rxg1 Rxg1+ 34. Nxg1 Qg6 35. Qb2 Qg7 36. Nf3 Qg4 37. Qxe5+ Kg8 38. Qg5+ Qxg5 39. Nxg5 Kg7 40. Nh3 Kf6 41. Nxf4 Ke5 42. Ne2 Ke6 43. a4 Ke5 44. a5 Ke6 45. Kg2 Ke5 46. h4 Ke6 47. h5 Ke5 48. h6 Ke6 49. Kg3 Ke5 50. Kg4 Ke6 51. Kf4 Kf6 52. Ng3 Ke6 53. Nf5 a6 54. d4 Kf6 55. d5 Kf7 56. Kg5 Kg8 57. Kf6 Kf8 58. e5 Ke8 59. e6 Kf8 60. d6 Ke8 61. c6 bxc6 62. c5 Kd8 63. e7+ Ke8 64. Ng7+ Kd7 65. e8=Q# 1-0


[Site "https://www.chess.com"]

[Event "Titled Tuesday Blitz January 17 Late 2023"]
[White "ArchibaldCerveza29"]
[Black "Khandelwal, Ankush"]
[BlackFideId "413470"]
[WhiteElo "2547"]
[BlackElo "2205"]
[Result "0-1"]
[Round "06"]
[TimeControl "180+2"]
[Date "2023.01.17"]
[WhiteClock "0:00:01"]
[BlackClock "0:00:31"]

1. d4 Nf6 2. c4 g6 3. Nc3 Bg7 4. e4 d6 5. Nf3 O-O 6. Be2 Na6 7. h4 e5 8. d5 Nc5 9. Nd2 h5 10. b4 Ncd7 11. Bb2 a5 12. a3 c6 13. Nb3 axb4 14. axb4 Rxa1 15. Bxa1 Qb6 16. b5 cxb5 17. cxb5 Nc5 18. Nxc5 Qxc5 19. O-O Bg4 20. Qd2 Ra8 21. Bb2 Qd4 22. Qc2 Bxe2 23. Qxe2 Rc8 24. Rc1 Bh6 25. Rc2 Ng4 26. Nd1 Rxc2 27. Qxc2 Qb4 28. Nc3 Qc5 29. Qe2 Nxf2 30. Na4 Nh3+ 31. Kh2 Qg1+ 32. Kxh3 Bf4 33. Qe1 Qh2# 0-1


[Site "https://www.chess.com"]